 Dungeon Crawl Stone Soup version 0.22-a0-247-gbddf880 (webtiles) character file.

78 MatthieuS the Caller (level 4, -2/42 HPs)
             Began as an Ogre Summoner on Feb 27, 2018.
             Slain by Robby's ghost (7 damage)
             ... on level 3 of the Dungeon.
             The game lasted 00:06:56 (2664 turns).

MatthieuS the Caller (Ogre Summoner)                Turns: 2664, Time: 00:06:57

Health: -2/42      AC:  3    Str: 12    XL:     4   Next: 36%
Magic:  2/8        EV: 10    Int: 17    God:
Gold:   193        SH:  0    Dex:  9    Spells: 3/9 levels left

rFire    . . .     SeeInvis .   n - +0 dagger (venom)
rCold    . . .     Gourm    .   (no shield)
rNeg     . . .     Faith    .   g - +0 robe
rPois    .         Spirit   .   (helmet restricted)
rElec    .         Reflect  .   (no cloak)
rCorr    .         Harm     .   (gloves unavailable)
MR       .....                  (boots unavailable)
Stlth    +.........             (no amulet)
HPRegen  0.14/turn              (no ring)
MPRegen  0.11/turn              (no ring)

@: no status effects
A: large, unfitting armour, tough skin 1
a: no special abilities


You were on level 3 of the Dungeon.
You were not hungry.

You visited 1 branch of the dungeon, and saw 3 of its levels.

You collected 193 gold pieces.

Inventory:

Hand Weapons
 a - a +0 mace
 l - a +0 trident
 n - a +0 dagger of venom (weapon)
Missiles
 d - 44 sling bullets
Armour
 g - a +0 robe (worn)
Jewellery
 o - an uncursed ring of ice {unknown}
Scrolls
 c - 3 scrolls of remove curse {unknown}
 f - 2 scrolls of amnesia {unknown}
 h - 2 scrolls of identify {unknown}
 j - 2 scrolls of teleportation {unknown}
 k - a scroll of magic mapping {unknown}
Potions
 e - a potion of curing
 i - a potion of brilliance {unknown}
Comestibles
 b - 5 rations
 m - 13 chunks of flesh


   Skills:
 + Level 2.2 Fighting
 + Level 0.9 Maces & Flails
 + Level 2.4 Dodging
 - Level 1.4 Stealth
 + Level 3.2 Spellcasting
 + Level 4.0 Summonings


You had 3 spell levels left.
You knew the following spells:

 Your Spells              Type           Power        Failure   Level  Hunger
a - Summon Small Mammal   Summ           ###.         3%          1    None
b - Call Imp              Summ           ###.....     4%          2    ##.....
c - Call Canine Familiar  Summ           ###.....     10%         3    ###....


Dungeon Overview and Level Annotations

Branches:
Dungeon (3/15)

Altars:

Annotations:
D:3 Robby's ghost, amateur GrFi


Innate Abilities, Weirdness & Mutations

You are too large for most types of armour.
You have tough skin. (AC +1)


Message History

Your bat hits Robby's ghost but does no damage.
The ooze hits your white imp but does no damage.
Robby's ghost hits you!
* * * LOW HITPOINT WARNING * * *
Your white imp hits the ooze.
Your white imp freezes the ooze.
Your bat hits Robby's ghost but does no damage.
The ooze hits your white imp but does no damage.
Your white imp hits the ooze.
Your white imp freezes the ooze.
The ooze dies!
Your bat barely misses Robby's ghost. x2
Your bat hits Robby's ghost but does no damage. x2
Your bat barely misses Robby's ghost.
Your bat hits Robby's ghost but does no damage.
Your bat hits Robby's ghost but does no damage.
Robby's ghost says very slowly, "There's no hope."
Your bat hits Robby's ghost but does no damage. x2
There is an escape hatch in the ceiling here.
Your bat hits Robby's ghost but does no damage.
Robby's ghost hits you!
You die...

#### #.. .# #.###### #.##
###.#..... ...# .####.....#
######..#
.#....÷..<###....#..#
.....).....).)..>#..######
.#........###.##@#......(.
##.#.....÷...)..W..####.# #
#.####..###.#..b.....#.####.#
#.# #.## #.#..##5##>.......
#.# #<# #.#..##.####...# #.#
#.# #.#......[5....##.# #.#
#.# #.#....b....†.....# #.#
##.## #.#.###.####$.###.#
#.###.).###.#.# #.# ..#


You could see Robby's ghost, a friendly white imp and a friendly bat.

Vanquished Creatures
  A dart slug (D:1)
  A leopard gecko (D:1)
  An orc (D:3)
  5 bats
  2 giant cockroaches
  2 goblins
  3 hobgoblins
  2 kobolds
  A frilled lizard (D:2)
18 creatures vanquished.

Vanquished Creatures (collateral kills)
  2 adders
  An ooze (D:3)
  3 worms
  A dart slug (D:1)
  A leopard gecko (D:2)
  An orc (D:3)
  2 bats (D:2)
  2 giant cockroaches
  6 goblins
  5 hobgoblins
  7 jackals (D:3)
  A quokka (D:3)
  A ball python (D:1)
  2 frilled lizards
  10 kobolds
  6 rats
51 creatures vanquished.

Vanquished Creatures (others)
  A goblin (D:1)
1 creature vanquished.

Grand Total: 70 creatures vanquished

Notes
Turn   | Place    | Note
-------+----------+-------------------------------------------
     0 | D:1      | MatthieuS the Ogre Summoner began the quest for the Orb.
     0 | D:1      | Reached XP level 1. HP: 16/16 MP: 3/3
   560 | D:1      | Reached skill level 1 in Fighting
   560 | D:1      | Reached XP level 2. HP: 25/27 MP: 2/5
  1364 | D:2      | Reached XP level 3. HP: 33/33 MP: 4/7
  1575 | D:2      | Learned a level 2 spell: Call Imp
  1579 | D:2      | Learned a level 3 spell: Call Canine Familiar
  2429 | D:3      | Reached XP level 4. HP: 31/42 MP: 0/8
  2640 | D:3      | Noticed Robby's ghost (amateur GrFi)
  2647 | D:3      | Reached skill level 4 in Summonings
  2664 | D:3      | Slain by Robby's ghost

Vault maps used:
D:1:      dpeg_arrival_solitude

Skill      XL: |  1  2  3  4 |
---------------+-------------+-----
Fighting       | 1 2 |  2.2
Dodging        | 2 |  2.4
Spellcasting   | 3 |  3.2
Summonings     | 4 |  4.0
Maces & Flails | |  0.9
Stealth        | |  1.4

Action                   |  1- 3 |  4- 6 || total
-------------------------+-------+-------++-------
Melee: Dagger            |    30 |     4 ||    34
       Mace              |    25 |    11 ||    36
 Cast: Summon Small Mamm |    49 |     8 ||    57
       Call Imp          |    27 |     4 ||    31
  Use: Potion            |       |     1 ||     1
  Eat: Chunk             |     6 |     1 ||     7
Armor: Robe              |    35 |       ||    35
Dodge: Dodged            |    70 |    12 ||    82

Table legend:
 A = Spawn XP
 B = Non-spawn XP
 C = Spawn XP percentage of total XP
 D = Spawn monster count
 E = Non-spawn monster count
 F = Spawn count percentage of total count
 G = Total turns spent on level
                    A         B        C        D         E        F      G
               +---------+---------+-------+---------+---------+-------+---------
         Total |       0 |     112 |   0.0 |       0 |      69 |   0.0 |  2664
               +---------+---------+-------+---------+---------+-------+---------
           D:1 |       0 |      32 |   0.0 |       0 |      23 |   0.0 |  1338
           D:2 |       0 |      46 |   0.0 |       0 |      27 |   0.0 |  1046
           D:3 |       0 |      34 |   0.0 |       0 |      19 |   0.0 |   280
               +---------+---------+-------+---------+---------+-------+---------
